 Dungeon Crawl Stone Soup version 0.29.1-2-gbd0b4ee654 (webtiles) character file.

Game seed: 14847718860131514991

5 funnyparkerb the Caller (level 1, 0/7 HPs)
             Began as a Felid Summoner on Nov 2, 2022.
             Slain by a hobgoblin (3 damage)
             ... on level 1 of the Dungeon.
             The game lasted 00:00:29 (73 turns).

funnyparkerb the Caller (Felid Summoner)              Turns: 73, Time: 00:00:29

Health: 0/7        AC:  1    Str:  4    XL:     1   Next: 66%
Magic:  4/4        EV: 17    Int: 16    God:
Gold:   0          SH:  0    Dex: 16    Spells: 3/4 levels left
                                        Lives:  0   Deaths: 0

rFire   . . .      SeeInvis +   (weapon unavailable)
rCold   . . .      Faith    .   (shield unavailable)
rNeg    . . .      Spirit   .   (body armour unavailable)
rPois   .          Reflect  .   (helmet unavailable)
rElec   .          Harm     .   (cloak unavailable)
rCorr   .          Rampage  .   (gloves unavailable)
Will    .....                   (boots unavailable)
Stlth   ++........              (no amulet)
HPRegen 0.02/turn               (no ring)
MPRegen 0.09/turn               (no ring)

@: quick
A: very small, claws 1, fangs 3, see invisible, speed 1, shaggy fur 1, stealthy
paws, no weapons or thrown items, no armour, multi-lived
a: no special abilities


You were on level 1 of the Dungeon.
You visited 1 branch of the dungeon, and saw 1 of its levels.

Inventory:

Potions
 a - a potion of magic


   Skills:
 - Level 2.6 Dodging
 - Level 2.6 Stealth
 + Level 2.2 Spellcasting
 + Level 4.1 Summonings


You had 3 spell levels left.
You knew the following spells:

 Your Spells              Type           Power      Damage    Failure   Level
a - Summon Small Mammal   Summ           60%        N/A       3%          1

Your spell library contained the following spells:

 Spells                   Type           Power      Damage    Failure   Level
 Call Imp                 Summ           15%        N/A       5%          2
 Call Canine Familiar     Summ           15%        N/A       11%         3
 Necrotise                Necr           4%         1d4       21%         1
 Summon Guardian Golem    Hex/Summ       8%         N/A       26%         3
 Vampiric Draining        Necr           1%         2d6       52%         3
 Summon Lightning Spire   Summ/Air       8%         N/A       65%         4
 Agony                    Necr           1%         N/A       99%         5


Dungeon Overview and Level Annotations

Branches:
Dungeon (1/15)

Altars:


Innate Abilities, Weirdness & Mutations

You have sharp claws.
You have razor-sharp teeth.
You have supernaturally acute eyesight. (SInv)
You cover ground quickly. (Speed+)
You are covered in fur. (AC +1)
Your paws help you pounce on unaware monsters.
You are incapable of wielding weapons or throwing items.
You cannot wear armour.
You gain extra lives every three experience levels.


Message History

The endoplasm dies!
Your quokka closely misses the kobold.
Your quokka bites the kobold.
The kobold dies!
What are your orders? t - Meow!
Orders for allies: a - Attack new target. r - Retreat! s - Stop attacking. g - Guard the area. f - Follow me.
Anything else - Cancel.
Gang up on whom?
Press: ? - help, Dir - move target, f - goblin
Aim: a goblin, wielding a +0 club Attack!
Your quokka closely misses the goblin.
Your quokka barely misses the goblin.
Your quokka closely misses the goblin.
The goblin barely misses you.
Your quokka barely misses the goblin.
The goblin closely misses you.
Your quokka bites the goblin.
Found a silvery potion.
Your bat barely misses the hobgoblin.
Your bat closely misses the goblin.
Your bat hits the hobgoblin but does no damage.
Your quokka closely misses the hobgoblin.
Your bat closely misses the goblin.
The hobgoblin hits you.
Ouch! That really hurt!
Your bat barely misses the goblin.
Your quokka bites the hobgoblin.
Your bat hits the goblin. The hobgoblin closely misses your bat.
Your quokka barely misses the hobgoblin.
Your bat closely misses the goblin.
The hobgoblin barely misses your bat.
Your quokka bites the hobgoblin.
You see here a book of Necromancy.
You pick up a book of Necromancy and begin reading...
You add the spells Necrotise, Vampiric Draining and Agony to your library.
Your quokka closely misses the hobgoblin.
Your bat hits the goblin. x2
The goblin dies!
Your bat hits the hobgoblin.
Your quokka disappears in a puff of smoke!
Your bat hits the hobgoblin but does no damage. x2
The hobgoblin hits you.
You die...

####### #!....#
#.....# ####
#######.§g..#
...####.......b.@..#
...†g.###.##.......#
.K..#K..#.##...#####
.gg.#.<.#......#
.##.#...#......# .
#.###..).....# . ...
####......... # ####
#####.#### ..#


You could see a hobgoblin (ally target) and a friendly bat (summoned).

Vanquished Creatures
  A rat (D:1)
1 creature vanquished.

Vanquished Creatures (collateral kills)
  An endoplasm (D:1)
  A goblin (D:1)
  A hobgoblin (D:1)
  A kobold (D:1)
4 creatures vanquished.

Grand Total: 5 creatures vanquished

Notes
Turn   | Place    | Note
-------+----------+-------------------------------------------
     0 | D:1      | funnyparkerb the Felid Summoner began the quest for the
                  | Orb.
     0 | D:1      | Reached XP level 1. HP: 7/7 MP: 4/4
    73 | D:1      | Slain by a hobgoblin

Illustrated notes

Levels and vault maps discovered:
D:1:      amcnicky_arrival_double_pillar, layout_loops_cross, serial_bayou,
          serial_bayou_crossing, serial_bayou_ford_a, serial_bayou_pond_a,
          serial_bayou_pond_b, serial_bayou_lagoon_a

Action                   || total
-------------------------++-------
Melee: Unarmed           ||     2
 Cast: Summon Small Mamm ||     5
Dodge: Dodged            ||     4
